← All builds
Tech / Armada / Economy first / OBSERVED BUILD

Standard tech

Armada Tech (Eco) build order · Supreme Isthmus

Rushes T2 by 4:15, gets Advanced Metal Extractor around 5:28, hands off T2 constructors to Geo and the team, then scales eco and supplies the team's T2 needs through the rest of the game.

Usually first T2 con to Geo (83%)

#eco #t2 #team support · 1591 distinct matches · 254 players · 60% of Armada Tech games · team won 53% of 1901 · Recently observed

HOW TO PLAY IT

Key timing: T2 factory by 4:15

  1. Open 3 mex and heavy wind to fund a fast T2 rush.
  2. Put down Bot Lab, planning to eat it for reclaim soon after.
  3. Get Advanced Bot Lab up, hitting the T2 factory rush timing.
  4. Upgrade mex to Advanced Metal Extractor to lock in team metal income.
  5. Eat Advanced Bot Lab and keep sending cons to Geo and Pond.

Phase by phase

TYPICAL OF ITS 1591 GAMES
  1. 1
  2. 2
  3. 3
  4. 4
PLAY THE OPENING

Follow the example game's first 6:00 step by step: what to build now, what comes next, and where it goes. At 1× it keeps pace with your own game.

  1. 1

    Up to the Bot Lab

    Economy
    • Metal Extractor3Mex
    • Wind Turbine4Wind
    Order
    1. Bot LabBot Lab after 3 mex, 4 winddone ~1:18, middle half 1:13–1:32

    Some games also: energy storage (31%)

    By 1:01 in all: 3 mex · 4 wind

    The example game in this phase · 3 steps
    1. Mex ×3
    2. Wind ×4
    3. Bot LabBot Labdone 1:17 · typical 1:18
  2. 2

    Bot Lab to Advanced Bot Lab

    Economy
    • Metal Extractor1Mex
    • Wind Turbine8Wind
    • Energy Storage1Energy storage
    Order
    1. Advanced Bot LabAdvanced Bot Lab after 4 mex, 12 wind, 3 con turretdone ~4:16, middle half 4:04–4:30
    Builders
    • Construction Turret3 Con turret
    • Lazarus3 Lazarus
    • Construction Bot2 Con bot
    • Construction Bot1 Con bot for allies

    Some games also: converter (36%)

    By 3:18 in all: 4 mex · 12 wind · 1 energy storage · 3 con turret

    The example game in this phase · 15 steps
    1. Wind
    2. Construction BotCon bot
    3. LazarusLazarus
    4. Wind
    5. LazarusLazarus
    6. Wind
    7. Mex
    8. Construction BotCon bot
    9. Wind ×2
    10. Energy storage
    11. Wind ×3
    12. Con turret
    13. Wind
    14. Con turret
    15. Advanced Bot LabAdvanced Bot Labdone 4:04 · typical 4:16
  3. 3

    Advanced Bot Lab to 5:00

    Economy
    • Wind Turbine3Wind
    Order
    1. Bot LabEat Bot Lab
    Builders
    • Advanced Construction Bot1 T2 con bot for allies

    Some games also: converter (35%)

    By 5:00 in all: 4 mex · 15 wind · 1 converter · 1 energy storage · 3 con turret

    The example game in this phase · 7 steps
    1. Bot LabEat Bot Labreclaimed for its metal
    2. Wind ×2
    3. Advanced Construction BotT2 con botfor Geo
    4. Advanced Metal ExtractorT2 mexnot finished by 15:00 · typical 5:28
    5. GunslingerGunslingerfor Ponddone 4:53
    6. Wind ×2
    7. Advanced Construction BotT2 con botfor Air
  4. 4

    5:00 to 10:00

    Economy
    • Wind Turbine43Wind
    • Energy Converter6Converter
    Builders
    • Butler9 Butler
    • Advanced Construction Bot4 T2 con bot for allies
    • Advanced Construction Bot1 T2 con bot

    Some games also: con turret (43%) · Butler for allies (37%)

    By 10:00 in all: 4 mex · 58 wind · 8 converter · 1 energy storage · 3 con turret

    The example game in this phase · 173 steps
    1. Wind
    2. Advanced Metal ExtractorT2 mex ×2
    3. Wind
    4. Advanced Metal ExtractorT2 mex ×2
    5. ButlerButlerfor Geo sea
    6. Advanced Construction BotT2 con bot ×3for Geo sea
    7. ButlerButlerfor Geo sea
    8. Wind
    9. ButlerButler
    10. Wind
    11. ButlerButler
    12. Wind
    13. ButlerButler
    14. Wind ×3
    15. ButlerButler
    16. Wind ×5
    17. ButlerButler
    18. Wind ×5
    19. ButlerButler
    20. Wind ×3
    21. ButlerButler
    22. Wind ×6
    23. ButlerButler
    24. Wind
    25. Advanced Construction BotT2 con bot
    26. Wind ×6
    27. Converter
    28. Wind ×3
    29. Converter
    30. Wind ×5
    31. Converter
    32. Wind ×3
    33. ButlerButler
    34. Converter
    35. Wind ×2
    36. Converter
    37. Wind ×4
    38. ButlerButler
    39. Converter
    40. Wind ×4
    41. Converter
    42. Wind ×4
    43. ButlerButler
    44. Wind
    45. Converter
    46. Wind ×3
    47. RattlesnakeRattlesnakedone 12:24
    48. Wind
    49. Converter
    50. Wind ×2
    51. ButlerButler
    52. SprinterSprinter
    53. Converter
    54. Wind ×4
    55. Converter
    56. Wind ×4
    57. Converter
    58. Wind ×5
    59. Converter
    60. Wind ×4
    61. Converter
    62. Wind
    63. ButlerButler
    64. Wind ×3
    65. Converter
    66. Energy storage
    67. Wind ×3
    68. Converter
    69. Wind ×2
    70. ButlerButler
    71. Wind ×2
    72. Converter
    73. Wind
    74. ButlerButler
    75. Wind ×2
    76. Converter
    77. Energy storage
    78. Wind
    79. ButlerButler
    80. Wind ×3
    81. Converter
    82. ButlerButler
    83. Wind ×4
    84. ButlerButler
    85. Converter
    86. Wind ×4
    87. ButlerButler
    88. Converter
    89. Wind ×5
    90. ButlerButler
    91. Wind
    92. Advanced Radar TowerAdvanced Radar Tower
    93. Wind
    94. Converter
    95. Wind ×4
    96. ButlerButler
    97. Wind ×2
    98. Converter
    99. Wind
    100. Energy storage
    101. Wind ×3
    102. UmbrellaAnti-nukenot finished by 15:00
    103. Wind ×3
    104. Converter
    105. Wind ×2
    106. Converter
    107. Wind ×4
    108. Converter
    109. Wind ×3
    110. Converter
    111. RattlesnakeRattlesnake
    112. Wind ×4
    113. Converter
    114. Wind ×2
    115. Converter
    116. Wind ×5
    117. Converter
    118. Wind
    119. Converter
    120. Wind ×6
    121. Converter
    122. Wind ×2
    123. Converter
    124. Wind ×7
    125. Converter ×2
    126. Wind ×3
    127. ArchangelArchangeldone 13:32
    128. Wind ×3
    129. Converter ×2
    130. Wind ×2
    131. NettleNettle
    132. Wind ×5
    133. Converter
    134. Wind
    135. Converter
    136. Wind
    137. ArchangelArchangel
    138. Wind ×3
    139. NettleNettle
    140. Wind ×3
    141. Converter ×2
    142. Wind ×6
    143. ArchangelArchangel
    144. Converter ×2
    145. Wind ×6
    146. NettleNettle
    147. Converter ×2
    148. Wind ×6
    149. ArchangelArchangel
    150. UmbrellaAnti-nuke
    151. Wind
    152. RattlesnakeRattlesnake
    153. Converter
    154. Wind
    155. Converter
    156. Wind ×7
    157. Converter ×2
    158. Wind ×6
    159. Converter ×2
    160. Wind ×6
    161. Converter
    162. Wind ×8
    163. Converter
    164. Wind ×6
    165. Converter
    166. Wind ×6
    167. Converter
    168. Wind ×5
    169. Converter
    170. Advanced Construction BotT2 con bot
    171. Wind ×4
    172. Converter
    173. Wind

Counts are medians over the build's games: half of them build more, half fewer. The example game is Pentry's (35 OS, 13/10/2026); pick another.

Team trades

IN AT LEAST 30% OF ITS GAMES

You hand over

  • Construction Bot1 Con bot to Airfirst at 2:23 · in 84% of games
  • Advanced Construction Bot5 T2 con bot to Air or Pond or Geo seafirst at 4:50 · in 99% of games
  • Butler2 Butler to Geo sea or Beach sea or Pondfirst at 9:06 · in 42% of games

You get

  • Hercules1 Light transport from Airfirst at 4:01 · in 86% of games

How it plays out

Typical game of this build, running totals by minute

Metal produced

020k40k
0:005:0010:0015:00

metal

Enemy metal destroyed

050100150
0:005:0010:0015:00

metal

Own metal lost

050100150
0:005:0010:0015:00

metal

1901 games.

Show as table
ByMetal produced: This buildEnemy metal destroyed: This buildOwn metal lost: This build
1:0038300
2:0091500
3:00165200
4:00314400
5:00484800
6:00580200
7:00723000
8:00906500
9:001117900
10:001352400
11:001624200
12:001965200
13:002342800
14:0027285074
15:0031507115130
WHAT THE NUMBERS SAY

Standard Tech play barely fights at all early, instead pouring metal into T2 infrastructure and constructors for the team.

  • + Metal produced hits 31679 by 15:00, by far the highest of any role here.
  • + T2 factory reached in 97% of games by 4:15, fastest and most reliable T2 timing.
  • − Enemy metal destroyed stays at 0 through 10:00, no early offense at all.
  • − Own metal lost also near 0, showing total avoidance of combat risk.
THE EXAMPLE YOU ARE READING

Pentry

35.1 OS · 13/10/2026

Open source match ↗

5 received units
6339 metal received · 44397 energy received

Allied construction assistance is unknown. Timings are observations, not a promise of solo reproducibility.

Typical milestones

Bot Lab1:18Middle 50%: 1:13–1:32 · n=1901
Advanced Bot Lab4:16Middle 50%: 4:04–4:30 · n=1894
Advanced Metal Extractor5:28Middle 50%: 5:05–5:59 · n=1897

Played most by

Amrissa97games of this buildTheGeneraI70games of this buildAdeus57games of this buildEl_Turco55games of this buildKOT_45games of this build